 Dungeon Crawl Stone Soup version 0.25-a0-785-gb22c70e859 (webtiles) character file.

Game seed: 2657395603836291130, levelgen mode: deterministic

1985 Maedhros the Covert (level 9, -4/55 HPs)
             Began as an Octopode Artificer on Apr 16, 2020.
             Was a Follower of Cheibriados.
             Slain by an ice beast (11 damage)
             ... on level 7 of the Dungeon.
             The game lasted 00:07:01 (7527 turns).

Maedhros the Covert (Octopode Artificer)            Turns: 7527, Time: 00:07:02

Health: -4/55      AC:  1    Str: 13    XL:     9   Next: 21%
Magic:  0/22       EV: 15    Int: 16    God:    Cheibriados [*.....]
Gold:   370        SH:  0    Dex: 20    Spells: 8/8 levels left

rFire    . . .     SeeInvis .     - Unarmed
rCold    . . .     Gourm    .   (no shield)
rNeg     . . .     Faith    .   (helmet restricted)
rPois    .         Spirit   +   D - amulet of guardian spirit
rElec    .         Reflect  .   g - ring of magical power
rCorr    +         Harm     .   o - ring of attention (curse)
MR       +....     Rnd*Tele +   q - ring of teleportation (curse)
Stlth    ++++......             s - +3 ring of dexterity
HPRegen  0.18/turn              v - ring of resist corrosion
MPRegen  0.18/turn              F - ring of protection from magic
                                (no ring)
                                (no ring)

@: very slow
A: almost no armour, stealthy swim, amphibious, 8 rings, constrict 8, camouflage
1, gelatinous body 1
a: Bend Time, Renounce Religion


You were on level 7 of the Dungeon.
You worshipped Cheibriados.
Cheibriados was aware of your devotion.
You were hungry.

You visited 2 branches of the dungeon, and saw 8 of its levels.

You collected 370 gold pieces.

Inventory:

Jewellery
 g - a ring of magical power (left tentacle)
 o - a cursed ring of attention (right tentacle)
 q - a cursed ring of teleportation (on tentacle)
 s - a +3 ring of dexterity (on tentacle)
 v - a ring of resist corrosion (on tentacle)
 A - an uncursed ring of flight
 D - an amulet of guardian spirit (around mantle)
 F - a ring of protection from magic (on tentacle)
Wands
 b - a wand of flame (5)
 c - a wand of enslavement (5)
 d - a wand of random effects (15)
 t - a wand of paralysis (8)
Scrolls
 h - 3 scrolls of enchant weapon
 k - 5 scrolls of teleportation
 l - 2 scrolls of fear {unknown}
 p - 2 scrolls of magic mapping
 x - a scroll of blinking {unknown}
 y - a scroll of noise {unknown}
 B - a scroll of remove curse {unknown}
 C - a scroll of fog
 E - a scroll of identify
 G - a scroll of enchant armour {unknown}
Potions
 a - a potion of mutation {unknown}
 e - 2 potions of stabbing
 i - 2 potions of degeneration {unknown}
 j - 3 potions of flight {unknown}
 m - 2 potions of curing
 n - 2 potions of heal wounds {unknown}
 r - 2 potions of magic {unknown}
 u - a potion of brilliance {unknown}
 w - a potion of resistance {unknown}
 z - 3 potions of haste
Comestibles
 f - 13 rations


   Skills:
 + Level 2.8 Fighting
   Level 1.0 Short Blades
 + Level 3.3 Dodging
 + Level 8.1 Stealth
 * Level 8.0 Unarmed Combat
 + Level 6.3 Evocations


You had 8 spell levels left.
You didn't know any spells.
Your spell library contained the following spells:

 Spells                   Type           Power        Failure   Level  Hunger
 Magic Dart               Conj           #...         26%         1    ##.....
 Blink                    Tloc           N/A          36%         2    ###....
 Call Imp                 Summ           #.......     36%         2    ###....
 Slow                     Hex            #.......     36%         2    ###....
 Conjure Flame            Conj/Fire      #.......     58%         3    ####...
 Mephitic Cloud           Conj/Pois/Air  #.......     58%         3    ####...


Dungeon Overview and Level Annotations

Branches:
Dungeon (7/15)             Temple (1/1) D:5

Altars:
Ashenzari
Cheibriados
Dithmenos
Elyvilon
Fedhas
Gozag
Hepliaklqana
Makhleb
Nemelex Xobeh
Okawaru
Qazlal
Ru
Sif Muna
Trog
Uskayaw
Vehumet
Wu Jian
Xom
Yredelemnul
Zin
The Shining One


Innate Abilities, Weirdness & Mutations

You cannot wear most types of armour.
You are very stealthy in the water. (Stealth+)
You are amphibious.
You can wear up to eight rings at the same time.
You can use your tentacles to constrict eight enemies at once.
Your skin changes colour to match your surroundings (Stealth+).
Your rubbery body absorbs attacks. (AC +1, EV +1)


Message History

Aiming: Throw Flame
Press: ? - help, Shift-Dir - straight line, f/p - ice beast
Aim: an ice beast (lightly wounded)
The puff of flame misses the ice beast.
The ice beast barely misses you.
You feel better. The ice beast hits you. The ice beast freezes you!
* * * LOW HITPOINT WARNING * * *
Evoke which item? (* to show all) (? for menu, Esc to quit)
Aiming: Throw Flame
Press: ? - help, Shift-Dir - straight line, f/p - ice beast
Aim: an ice beast (lightly wounded)
The puff of flame hits the ice beast.
The ice beast melts!
The ice beast is moderately wounded.
The ice beast hits you.
* * * LOW HITPOINT WARNING * * *
The ice beast freezes you!
* * * LOW HITPOINT WARNING * * *
You feel better. The ice beast hits you.
* * * LOW HITPOINT WARNING * * *
The ice beast freezes you!
You die...

#.)..# #...#.# #.#
#####..### ##.##.# .#
.......# #. #.# #####.##
###. #.#####
##.##########.. #.....#
#...........#.# #####.#
#..########.#.# #.# ####..#
#.#Y# #.# ......# #.#@# #.#
......########.#.###### #.#
###............%........#.#
#..#####..##..#######....
#..# #..##..# #.# #)..
.......... #..#
###..##..### ^... .......#
#..## ....##..#


You could see an ice beast.

Vanquished Creatures
  Grinder (D:5)
  2 centaurs
  A sky beast (D:7)
  A black bear (D:6)
  3 ogres (D:6)
  A phantom (D:7)
  A big kobold (D:7)
  A bullfrog (D:6)
  An iguana (D:5)
  4 howler monkeys
  A crimson imp (D:5)
  A bullfrog zombie (D:7)
  A jelly (D:6)
  A centaur skeleton (D:5)
  6 hounds (D:4)
  3 orc wizards (D:5)
  5 worker ants
  A hound skeleton (D:5)
  9 adders
  3 gnolls
  A shadow imp (D:5)
  An ooze (D:2)
  An adder skeleton (D:4)
  2 worms
  4 dart slugs
  2 leopard geckos
  9 orcs
  9 giant cockroaches
  7 goblins
  3 hobgoblins
  13 jackals
  9 kobolds
  6 quokkas
  8 bats
  6 rats
128 creatures vanquished.

Vanquished Creatures (collateral kills)
  A hound (D:4)
  A gnoll (D:4)
  An ooze (D:1)
  An adder zombie (D:5)
  An orc (D:5)
5 creatures vanquished.

Vanquished Creatures (others)
  A centaur (D:6)
  Blork the orc (D:5)
  A hobgoblin (D:1)
3 creatures vanquished.

Grand Total: 136 creatures vanquished

Notes
Turn   | Place    | Note
-------+----------+-------------------------------------------
     0 | D:1      | Maedhros the Octopode Artificer began the quest for the
                  | Orb.
     0 | D:1      | Reached XP level 1. HP: 13/13 MP: 3/3
    76 | D:1      | Reached skill level 1 in Unarmed Combat
    89 | D:1      | Reached XP level 2. HP: 3/18 MP: 4/4
   571 | D:1      | Reached XP level 3. HP: 17/23 MP: 5/5
  1235 | D:2      | Reached XP level 4. HP: 21/28 MP: 6/6
  2007 | D:2      | Found an ornate altar of the Wu Jian Council.
  2585 | D:3      | Reached XP level 5. HP: 33/33 MP: 7/7
  3159 | D:4      | Reached XP level 6. HP: 22/38 MP: 8/8
  3348 | D:4      | Reached skill level 5 in Stealth
  3681 | D:4      | Reached skill level 5 in Unarmed Combat
  3803 | D:5      | Entered Level 5 of the Dungeon
  3839 | D:5      | Noticed Blork the orc
  3852 | D:5      | Reached XP level 7. HP: 18/43 MP: 10/10
  3857 | D:5      | Your ally died
  3860 | D:5      | Noticed Grinder
  4803 | D:5      | Killed Grinder
  4803 | D:5      | Reached skill level 5 in Evocations
  4948 | D:5      | Reached XP level 8. HP: 13/48 MP: 11/11
  5592 | D:5      | Found a staircase to the Ecumenical Temple.
  5623 | D:5      | Found a shattered altar of Ashenzari.
  5623 | D:5      | Found a basalt altar of Yredelemnul.
  5699 | Temple   | Entered the Ecumenical Temple
  5803 | Temple   | Became a worshipper of Cheibriados the Contemplative
  6368 | D:6      | Reached * piety under Cheibriados
  7223 | D:7      | Reached XP level 9. HP: 50/55 MP: 13/13
  7526 | D:7      | HP: 2/55 [ice beast (11)]
  7527 | D:7      | Slain by an ice beast

Levels and vault maps discovered:
D:1:      lightli_arrival_isolated_outpost, layout_rooms
D:2:      layout_basic, marbit_many_paths, chequers_serial_rivers_micro_c
D:3:      layout_basic, first_ration, minmay_box_of_dots
D:4:      layout_cave_pools
D:5:      layout_rooms, gammafunk_temple_overflow_wave,
          minmay_temple_entry_offerings, uniq_grinder, uniq_blork_the_orc
D:6:      layout_cave_pods, minmay_chambers_of_fives
D:7:      layout_loops_ring
Temple:   compressed_dpeg_circular_temple

Skill      XL: |  1  2  3  4  5  6  7  8  9 |
---------------+----------------------------+-----
Unarmed Combat | 1 2 3 4 5 6 7 8 |  8.0
Stealth        | 2 3 4 5 6 7 8 |  8.1
Evocations     | 4 5 6 |  6.3
Fighting       | 2 |  2.8
Dodging        | 3 |  3.3
Short Blades   | |  1.0

Action                   |  1- 3 |  4- 6 |  7- 9 || total
-------------------------+-------+-------+-------++-------
Melee: Short sword       |    81 |   110 |    63 ||   254
       Constrict         |    21 |    32 |    35 ||    88
       Tentacles         |    12 |    25 |    46 ||    83
       Punch             |     2 |     2 |    13 ||    17
       Unarmed           |       |       |    90 ||    90
Evoke: Wand              |     5 |     3 |    17 ||    25
  Use: Scroll            |       |     4 |       ||     4
       Potion            |       |       |     4 ||     4
 Stab: Sleeping          |     2 |    12 |     4 ||    18
       Distracted        |       |     2 |       ||     2
       Paralysed         |       |       |     4 ||     4
  Eat: Chunk             |       |     9 |     9 ||    18
Armor: Skin              |     8 |     9 |     3 ||    20
Dodge: Dodged            |    74 |    69 |   129 ||   272

Table legend:
 A = Non-vault XP
 B = Vault XP
 C = Vault XP percentage of total XP
 D = Non-vault monster count
 E = Vault monster count
 F = Vault count percentage of total count
                 A         B        C        D         E       F
            +---------+---------+-------+---------+---------+-------
      Total |    2364 |     472 |  16.6 |     124 |       9 |   6.8
            +---------+---------+-------+---------+---------+-------
        D:1 |      36 |       0 |   0.0 |      17 |       0 |   0.0
        D:2 |      98 |       2 |   2.0 |      23 |       1 |   4.2
        D:3 |      42 |       6 |  12.5 |      16 |       4 |  20.0
        D:4 |     476 |       0 |   0.0 |      20 |       0 |   0.0
        D:5 |     356 |     281 |  44.1 |      21 |       1 |   4.5
        D:6 |     836 |     183 |  18.0 |      16 |       3 |  15.8
        D:7 |     520 |       0 |   0.0 |      11 |       0 |   0.0
            +---------+---------+-------+---------+---------+-------
